 Dungeon Crawl Stone Soup version 0.28-a0-447-g1f95980246 (webtiles) character file.

Game seed: 2994615195529061997

1219 siradein the Carver (level 8, -7/64 HPs)
             Began as a Minotaur Fighter on Sept 13, 2021.
             Was an Initiate of Gozag.
             Mangled by Duvessa (11 damage)
             ... on level 5 of the Dungeon.
             The game lasted 00:15:01 (4724 turns).

siradein the Carver (Minotaur Fighter)              Turns: 4724, Time: 00:15:02

Health: -7/64      AC: 10    Str: 22    XL:     8   Next: 23%
Magic:  7/7        EV:  7    Int:  5    God:    Gozag
Gold:   287        SH:  6    Dex: 11    Spells: 7/7 levels left

rFire   . . .      SeeInvis .   a - +0 long sword
rCold   . . .      Faith    .   e - +2 buckler
rNeg    . . .      Spirit   .   g - +0 chain mail
rPois   .          Reflect  .   (helmet restricted)
rElec   .          Harm     .   (no cloak)
rCorr   .          Rampage  .   (no gloves)
Will    .....                   p - +0 pair of boots
Stlth   ..........              (no amulet)
HPRegen 0.20/turn               (no ring)
MPRegen 0.10/turn               (no ring)

@: mighty
A: horns 2, retaliatory headbutt
a: Renounce Religion, Potion Petition, Call Merchant, Bribe Branch


You were on level 5 of the Dungeon.
You worshipped Gozag.
Gozag was aware of your devotion.
You visited 1 branch of the dungeon, and saw 6 of its levels.

You collected 402 gold pieces.
You paid 115 gold pieces to Gozag.

Inventory:

Hand Weapons
 a - a +0 long sword (weapon)
Armour
 e - a +2 buckler (worn)
 g - a +0 chain mail (worn)
 p - a +0 pair of boots (worn)
Jewellery
 m - a ring of wizardry
Wands
 t - a wand of iceblast (7)
Scrolls
 j - 2 scrolls of vulnerability
 k - a scroll of magic mapping {unknown}
 l - 2 scrolls of enchant weapon {unknown}
 n - 2 scrolls of holy word {unknown}
 r - 2 scrolls of identify
Potions
 c - a potion of brilliance {unknown}
 d - a potion of might
 f - a potion of attraction
 h - 3 potions of mutation
 i - a potion of curing {unknown}
 o - a potion of degeneration {unknown}
 s - 2 potions of magic {unknown}


   Skills:
 - Level 3.6 Fighting
 + Level 11.7 Long Blades
 - Level 3.6 Armour
 - Level 4.0 Shields


You had 7 spell levels left.
You didn't know any spells.
Your spell library was empty.

Dungeon Overview and Level Annotations

Branches:
Dungeon (6/15)
 Temple: D:4-7

Altars:
Dithmenos
Fedhas
Gozag
Kikubaaqudgha
Nemelex Xobeh
Xom

Annotations:
D:5 Duvessa, Menkaure
D:6 4 runed translucent doors


Innate Abilities, Weirdness & Mutations

You have a pair of horns on your head.
You reflexively headbutt those who attack you in melee.


Message History

The necrophage hits you.
You slash the necrophage! Your headbutt misses the necrophage.
The necrophage is almost destroyed.
The necrophage hits you but does no damage.
You slash the necrophage!
You destroy the necrophage!
You now have 287 gold pieces (gained 9).
h - 3 potions of mutation (gained 1)
Things that are here:
a +0 dagger; a +0 robe You start resting.
Duvessa, Sister of Dowan comes into view.
She is wielding a +0 rapier, wearing a +3 leather armour of poison resistance and carrying a wand of polymorph (9).
Duvessa goes berserk!
Duvessa rages.
A hound skeleton comes into view.
You barely miss the hound skeleton. Duvessa hits you but does no damage.
The hound skeleton barely misses you. Duvessa hits you with a +0 rapier!
The hound skeleton bites you but does no damage.
The hound skeleton bites you.
Duvessa is no longer moving quickly.
The hound skeleton bites you but does no damage.
Duvessa hits you with a +0 rapier! Duvessa closely misses you.
You furiously retaliate!
You headbutt Duvessa!
Duvessa rages.
Duvessa hits you with a +0 rapier!
You hear a shout!
Duvessa rages.
You block Duvessa's attack.
You see here a +0 long sword.
Duvessa rages.
Duvessa hits you with a +0 rapier.
There is a stone staircase leading down here.
You feel very mighty all of a sudden. Duvessa hits you with a +0 rapier!
* * * LOW HITPOINT WARNING * * *
You slash Duvessa!
Duvessa is moderately wounded.
Duvessa hits you with a +0 rapier!
You die...
Your body crumbles into a pile of gold.

##..# ##..# # ##..#
.###. ##..#
.....#### #
#.....##### #
#.....)...###.#
#.###.##..^...#
###.##..#####
#@eZ##..######..
#.#............#
#...##.#########
##.###.# # #.# #.#
#. #.###.####### $
)....##.##........#
...............#..#
.....##.##.........


You could see Duvessa (berserk) and a hound skeleton.

Vanquished Creatures
  Sigmund (D:5)
  2 steam dragons
  An ice beast (D:6)
  A necrophage (D:5)
  An ogre (D:5)
  A scorpion (D:6)
  Dowan (D:5)
  A bullfrog zombie (D:6)
  A centaur skeleton (D:5)
  A hound (D:4)
  2 centaur zombies (D:6)
  A jelly (D:4)
  2 orc priests (D:5)
  A killer bee zombie (D:6)
  11 adders
  2 worms
  4 orcs
  7 ball pythons
  7 endoplasms
  4 giant cockroaches
  5 goblins
  12 hobgoblins
  2 jackals (D:3)
  5 kobolds
  3 quokkas (D:1)
  6 bats
  6 frilled lizards
  3 rats (D:1)
94 creatures vanquished.

Notes
Turn   | Place    | Note
-------+----------+-------------------------------------------
     0 | D:1      | siradein the Minotaur Fighter began the quest for the Orb.
     0 | D:1      | Reached XP level 1. HP: 19/19 MP: 0/0
   150 | D:1      | Reached skill level 3 in Long Blades
   150 | D:1      | Reached XP level 2. HP: 25/26 MP: 1/1
   652 | D:2      | Reached skill level 4 in Long Blades
   666 | D:2      | Reached XP level 3. HP: 31/31 MP: 2/2
  1120 | D:2      | Found a faded altar of an unknown god.
  1334 | D:2      | Found a shadowy altar of Dithmenos.
  1606 | D:3      | Reached skill level 5 in Long Blades
  1606 | D:3      | Reached XP level 4. HP: 34/39 MP: 3/3
  2060 | D:3      | Found an ancient bone altar of Kikubaaqudgha.
  2335 | D:3      | Reached skill level 6 in Long Blades
  2556 | D:4      | Found a shimmering altar of Xom.
  2696 | D:4      | Reached XP level 5. HP: 42/45 MP: 4/4
  3011 | D:4      | Found a blossoming altar of Fedhas.
  3146 | D:4      | Reached skill level 7 in Long Blades
  3308 | D:5      | Entered Level 5 of the Dungeon
  3561 | D:5      | Reached XP level 6. HP: 46/51 MP: 5/5
  3645 | D:5      | Found a sparkling altar of Nemelex Xobeh.
  3677 | D:5      | Noticed Menkaure
  3729 | D:6      | HP: 2/51 [poisoned by an adder]
  3762 | D:6      | Reached skill level 8 in Long Blades
  4033 | D:6      | Found an opulent altar of Gozag.
  4085 | D:6      | Became a worshipper of Gozag Ym Sagoz the Greedy
  4277 | D:6      | Found a large runed translucent door.
  4278 | D:6      | Found a large runed translucent door.
  4283 | D:6      | Noticed a troll
  4285 | D:6      | Noticed a wraith
  4294 | D:6      | Found a large runed translucent door.
  4294 | D:6      | Found a large runed translucent door.
  4318 | D:6      | Noticed a steam dragon
  4318 | D:6      | Noticed an ice beast
  4324 | D:6      | Killed an ice beast
  4325 | D:6      | Reached skill level 9 in Long Blades
  4325 | D:6      | Reached XP level 7. HP: 57/57 MP: 6/6
  4332 | D:6      | Killed a steam dragon
  4366 | D:6      | Reached skill level 10 in Long Blades
  4500 | D:6      | Noticed a troll
  4544 | D:5      | Noticed Sigmund
  4561 | D:5      | Killed Sigmund
  4611 | D:5      | Noticed a steam dragon
  4630 | D:5      | Killed a steam dragon
  4631 | D:5      | Reached skill level 11 in Long Blades
  4631 | D:5      | Reached XP level 8. HP: 57/64 MP: 7/7
  4676 | D:5      | Noticed Dowan
  4699 | D:5      | Killed Dowan
  4707 | D:5      | Noticed Duvessa
  4724 | D:5      | Mangled by Duvessa

Illustrated notes

Levels and vault maps discovered:
D:1:      erik_arrival_triangle_small, layout_rooms
D:2:      layout_basic, basic_altar, chequers_ecumenical_altar_twisty
D:3:      layout_loops_ring, marbit_many_paths, serial_rivers,
          chequers_serial_rivers_micro_b, chequers_serial_rivers_small_3,
          chequers_serial_rivers_room_a, chequers_serial_rivers_room_b
D:4:      layout_gridville, lemuel_coloured_pillars_altar,
          mainiacjoe_overflow_chevrons
D:5:      layout_loops_ring, mainiacjoe_overflow_24_doors, dk_noncrumbling_2,
          dk_rats_in_the_wall, uniq_menkaure, uniq_sigmund, uniq_duvessa,
          uniq_eustachio
D:6:      kennysheep_six_static_rooms, layout_basic,
          nicolae_gozag_cash_rules_everything_around_me,
          minmay_hollow_rounded_squares

Skill      XL: |  1  2  3  4  5  6  7 |
---------------+----------------------+-----
Shields        | 4 |  4.0
Long Blades    | 3 4 5 6 7 9 11 | 11.7
Fighting       | |  3.6
Armour         | |  3.6

Action                   |  1- 3 |  4- 6 |  7- 9 || total
-------------------------+-------+-------+-------++-------
Melee: Long sword        |    95 |   132 |    58 ||   285
       Headbutt          |    16 |    21 |     9 ||    46
  Use: Scroll            |     1 |     4 |       ||     5
       Potion            |       |     2 |     1 ||     3
Armor: Scale mail        |    30 |    48 |       ||    78
       Chain mail        |       |     8 |    29 ||    37
Dodge: Dodged            |    37 |    55 |    16 ||   108
Block: Buckler           |    14 |    39 |    16 ||    69

Table legend: (Time is in decaauts)
 A = Elapsed time spent in this place.
 B = Non-inter-level travel time spent in this place.
 C = Inter-level travel time spent in this place.
 D = Time resting spent in this place.
 E = Time spent auto-exploring this place.
 F = Levels seen in this place.
 G = Mean time per level.
                   A        B        C        D        E       F      G
               +--------+--------+--------+--------+--------+-----+--------+
         Total |   4733 |   4650 |     83 |    460 |   3411 |   6 |  788.8 |
       Dungeon |   4733 |   4650 |     83 |    460 |   3411 |   6 |  788.8 |
               +--------+--------+--------+--------+--------+-----+--------+

Top non-repeatable levels by time:
     D:4: 996 daAuts
     D:3: 957 daAuts
     D:2: 952 daAuts
     D:6: 795 daAuts
     D:1: 641 daAuts
     D:5: 391 daAuts
